 Dungeon Crawl Stone Soup version 0.26-b1-32-g5d43845318 (webtiles) character file.

Game seed: 12668989825208830441

12082 EnegeticOcto the Cleaver (level 11, -23/99 (100) HPs)
             Began as a Deep Dwarf Fighter on Jan 6, 2021.
             Was an Elder of Makhleb.
             Annihilated by an ettin
             ... wielding a +0 dire flail
              (30 damage)
             ... on level 12 of the Dungeon.
             The game lasted 00:05:32 (5445 turns).

EnegeticOcto the Cleaver (Deep Dwarf Fighter)       Turns: 5445, Time: 00:05:32

HP:   -23/99 (100)  AC: 22    Str: 23    XL:     11   Next: 57%
MP:   8/8           EV:  6    Int:  9    God:    Makhleb [****..]
Gold: 299           SH: 12    Dex: 12    Spells: 10/10 levels left

rFire    . . .     SeeInvis .   F - +1 war axe (elec)
rCold    + . .     Faith    .   c - +0 kite shield
rNeg     . . .     Spirit   .   r - +0 plate armour
rPois    .         Reflect  .   G - +2 helmet
rElec    .         Harm     .   a - +2 cloak
rCorr    .         Rampage  .   o - +0 pair of gloves
Will     +....                  (no boots)
Stlth    ..........             B - amulet of the acrobat
HPRegen  0.00/turn              h - ring of protection from cold
MPRegen  0.11/turn              n - +4 ring of slaying

@: non-regenerating, lightly drained
A: damage resistance, heal wounds, sense surroundings 2, no regeneration
a: Heal Wounds, Renounce Religion, Minor Destruction, Lesser Servant of Makhleb,
Major Destruction


You were on level 12 of the Dungeon.
You worshipped Makhleb.
Makhleb was greatly pleased with you.
You visited 2 branches of the dungeon, and saw 12 of its levels.

You collected 516 gold pieces.
You spent 217 gold pieces at shops.

Inventory:

Hand Weapons
 b - a +2 war axe of freezing
 F - a +1 war axe of electrocution (weapon)
Armour
 a - a +2 cloak (worn)
 c - a +0 kite shield (worn)
 o - a +0 pair of gloves (worn)
 r - a +0 plate armour (worn)
 G - a +2 helmet (worn)
Jewellery
 h - a ring of protection from cold (left hand)
 n - a +4 ring of slaying (right hand)
 y - an uncursed ring of resist corrosion
 B - an amulet of the acrobat (around neck)
Wands
 p - a wand of iceblast (19) {@v2}
 s - a wand of disintegration (11)
 u - a wand of enslavement (4)
 v - a wand of polymorph (8)
 D - a wand of paralysis (10)
Scrolls
 e - a scroll of remove curse {@r2}
 f - 2 scrolls of magic mapping {@r5}
 g - 2 scrolls of teleportation {@r3}
 l - 3 scrolls of fog
Potions
 i - a potion of mutation
 k - a potion of ambrosia
 m - 3 potions of attraction
 q - a potion of flight
 t - a potion of heal wounds {@q2}
 w - 4 potions of curing {@q1}
 z - a potion of haste {unknown}
 C - a potion of invisibility {unknown}


   Skills:
 + Level 7.5 Fighting
 * Level 11.9 Axes
 + Level 9.0 Armour
 + Level 9.1 Shields
 + Level 9.6 Invocations


You had 10 spell levels left.
You didn't know any spells.
Your spell library was empty.

Dungeon Overview and Level Annotations

Branches:
Dungeon (10/15)            Temple (1/1) D:4            Lair (0/6) D:8
    Orc: D:9-12

Altars:
Fedhas
Gozag
Hepliaklqana
Kikubaaqudgha
Makhleb
Okawaru
Zin

Shops:
D:4 (   D:12 *

Annotations:
D:6 3 runed translucent doors, Aviak's ghost, novice OpIE


Innate Abilities, Weirdness & Mutations

You are resistant to damage.
You can heal yourself by infusing magical energy.
You passively map the area around you.
You do not regenerate.


Message History

Items here: )) [ ††.
Items here: ( ))))) [[[[[ ††.
There is an entrance to Cotreq's Assorted Antiques here.
G - a runed helmet Thank you for shopping at Cotreq's Assorted Antiques!
You start removing your armour.
You continue taking off your +1 helmet. x4
You finish taking off your +1 helmet.
You start putting on your armour.
You continue putting on your runed helmet. x5
You finish putting on your +2 helmet.
Drop what? 33/52 slots (_ for help) (? for menu, Esc to quit)
You drop a scarf of harm.
You drop a +1 helmet.
As you read the scroll labelled LAJUGY GIENN, it crumbles to dust.
Your body is wracked with pain!
* * * LOW HITPOINT WARNING * * *
It was a scroll of torment.
As you read the scroll of identify {@r1}, it crumbles to dust.
t - a potion of heal wounds
As you read the scroll of identify {@r1}, it crumbles to dust.
w - 4 potions of curing
As you read the scroll of identify {@r1}, it crumbles to dust.
x - a potion of degeneration No previous command to re-do.
Unknown command.
Drop what? 29/52 slots (_ for help) (? for menu, Esc to quit)
You drop a potion of degeneration.
You feel much better.
m - 3 potions of attraction (gained 1)
Found a plate armour.
Found a ring mail.
Found a ring of resist corrosion.
Found a robe.
You see here a ring mail.
p - a wand of iceblast (19) {@v2} (gained 6 charges)
A two-headed ogre comes into view.
It is wielding a +0 giant club and a +0 giant spiked club.
The two-headed ogre moves out of view.
An ettin comes into view.
It is wielding a +0 dire flail and a +0 great mace.
The ettin shouts in stereo!
An ettin comes into view. It is wielding two +0 dire flails.
There are monsters nearby!
There are monsters nearby!
The two-headed ogre hits you with a +0 giant club!
The two-headed ogre completely misses you.
You hit the two-headed ogre.
Lightning courses through the two-headed ogre!!
The two-headed ogre is heavily wounded.
The two-headed ogre hits you with a +0 giant club!
You block the two-headed ogre's attack.
You are too injured to fight recklessly!
You are too injured to fight recklessly!
You are too injured to fight recklessly!
You are too injured to fight recklessly!
You are too injured to fight recklessly!
You are too injured to fight recklessly!
You are too injured to fight recklessly!
You are too injured to fight recklessly!
You are too injured to fight recklessly!
You are too injured to fight recklessly!
You are too injured to fight recklessly!
You are too injured to fight recklessly!
You are too injured to fight recklessly!
Your magical essence is drained by the effort!
You feel much better.
You barely miss the two-headed ogre.
The two-headed ogre is heavily wounded.
You block the two-headed ogre's attack. x2
You hit the two-headed ogre.
The two-headed ogre is heavily wounded.
The two-headed ogre barely misses you. You block the two-headed ogre's attack.
You hit the two-headed ogre.
The two-headed ogre is heavily wounded.
You hit the ettin but do no damage. Lightning courses through the ettin!
The ettin hits you with a +0 dire flail!
The ettin hits you with a +0 great mace!!
* * * LOW HITPOINT WARNING * * *
You hear two shouts!
You are too injured to fight recklessly!
You are too injured to fight recklessly!
You are too injured to fight recklessly!
You are too injured to fight recklessly!
You are too injured to fight recklessly!
You are too injured to fight recklessly!
You are too injured to fight recklessly!
You are too injured to fight recklessly!
You are too injured to fight recklessly!
You are too injured to fight recklessly!
You are too injured to fight recklessly!
You are too injured to fight recklessly!
You are too injured to fight recklessly!
You are too injured to fight recklessly!
You are too injured to fight recklessly!
You are too injured to fight recklessly!
You are too injured to fight recklessly!
Your magical essence is drained by the effort!
You feel much better.
You block the two-headed ogre's attack. x2
The ettin hits you with a +0 dire flail!!
* * * LOW HITPOINT WARNING * * *
The ettin hits you with a +0 great mace!!
You die...

, *, , ** * * *.......^
#... , ,, .....[.. ,
*#...# C....##........ ,
#....**...C##..#......
#...., 8..8#.......... *
,#.... ,.........##....
, *#.#..
,.!.**#...####..
#....##.#* #...#.##..
#...O@C.#####.....#..(
#...##................
....#.........##.....#.)
* ,...
##.......###.....##) #,
##.............###. ** *
#..........##...... ,
#.................. , *
##..=.......#....≈≈≈ ,
##....[.....##....≈≈≈


You could see an ettin and a two-headed ogre.

Vanquished Creatures
  A boulder beetle (D:12)
  3 death yaks (D:8)
  A manticore (D:12)
  3 ugly things
  2 deep elf magi (D:12)
  A centaur zombie (D:12)
  A centaur skeleton (D:12)
  A water elemental (D:12)
  6 yaks (D:12)
  2 wyverns
  A vampire mosquito (D:8)
  10 orc warriors
  2 ice beasts
  2 black bears
  A necrophage (D:7)
  2 phantoms
  A sky beast (D:5)
  6 ogres
  A centaur (D:7)
  Blork the orc (D:7)
  5 bullfrogs
  A gnoll sergeant (D:7)
  A water moccasin skeleton (D:12)
  2 scorpions
  15 wights
  6 howler monkeys
  A quasit (D:10)
  A bullfrog zombie (D:8)
  9 hounds
  A jelly (D:8)
  4 orc priests
  2 iguanas
  13 orc wizards
  4 hell rats (D:8)
  7 worker ants
  A hound zombie (D:6)
  2 hound skeletons
  7 gnolls
  6 adders
  A river rat (D:8)
  A shadow imp (D:8)
  5 white imps
  An ufetubus (D:9)
  2 oozes
  2 adder skeletons
  3 worms (D:4)
  A dart slug (D:1)
  33 orcs
  3 bats (D:1)
  3 giant cockroaches
  6 goblins
  3 hobgoblins
  4 jackals
  8 quokkas
  2 frilled lizards (D:1)
  3 kobolds
  A quokka zombie (D:6)
  6 rats
224 creatures vanquished.

Vanquished Creatures (others)
  An orc wizard (D:12)
1 creature vanquished.

Grand Total: 225 creatures vanquished

Notes
Turn   | Place    | Note
-------+----------+-------------------------------------------
     0 | D:1      | EnegeticOcto the Deep Dwarf Fighter began the quest for the
                  | Orb.
     0 | D:1      | Reached XP level 1. HP: 20/20 MP: 1/1
   123 | D:1      | Reached XP level 2. HP: 25/27 MP: 2/2
   319 | D:2      | Reached skill level 3 in Axes
   319 | D:2      | Reached XP level 3. HP: 21/33 MP: 3/3
   379 | D:3      | Found an ancient bone altar of Kikubaaqudgha.
   429 | D:4      | Found Mubeeta's Antique Weapon Shoppe.
   485 | D:4      | Reached XP level 4. HP: 39/42 MP: 3/3
   495 | D:4      | Found a staircase to the Ecumenical Temple.
   511 | Temple   | Entered the Ecumenical Temple
   528 | Temple   | Became a worshipper of Makhleb the Destroyer
   575 | D:4      | Reached skill level 4 in Axes
   575 | D:4      | Reached XP level 5. HP: 39/49 MP: 4/4
   586 | D:4      | Reached skill level 1 in Invocations
   663 | D:4      | You fall into a shaft and drop 2 floors!
   677 | D:6      | Noticed an orc warrior
   684 | D:6      | HP: 1/49 [orc warrior/+0 war axe (6)]
   717 | D:6      | Killed an orc warrior
   718 | D:6      | Reached XP level 6. HP: 9/56 MP: 5/5
   754 | D:6      | Noticed Aviak's ghost (novice OpIE)
   754 | D:6      | Noticed an ice beast
   754 | D:6      | Noticed an ice beast
   755 | D:6      | Noticed an ice beast
   790 | D:6      | Reached skill level 5 in Axes
   800 | D:6      | Found a runed translucent gate.
   800 | D:6      | Found a runed translucent gate.
   800 | D:6      | Found a runed translucent gate.
  1005 | D:5      | Entered Level 5 of the Dungeon
  1231 | D:5      | Reached * piety under Makhleb
  1437 | D:4      | Found an iron altar of Okawaru.
  1458 | D:4      | Reached XP level 7. HP: 44/63 MP: 6/6
  1835 | D:5      | Reached skill level 5 in Armour
  1835 | D:5      | Reached skill level 5 in Shields
  2049 | D:5      | Reached skill level 6 in Axes
  2271 | D:6      | Found a hazy altar of Hepliaklqana.
  2337 | D:6      | Reached XP level 8. HP: 32/73 MP: 5/5
  2742 | D:7      | Reached skill level 7 in Axes
  2769 | D:7      | Reached ** piety under Makhleb
  2770 | D:7      | Reached skill level 5 in Invocations
  2964 | D:7      | Noticed Blork the orc
  3000 | D:7      | Reached skill level 5 in Fighting
  3009 | D:7      | Killed Blork the orc
  3010 | D:7      | Gained mutation: You passively map the area around you.
                  | [Deep Dwarf growth]
  3010 | D:7      | Reached XP level 9. HP: 53/81 MP: 5/5
  3187 | D:7      | Reached skill level 8 in Axes
  3859 | D:8      | Reached skill level 9 in Axes
  3912 | D:8      | Noticed a cyan ugly thing
  3914 | D:8      | Noticed a death yak
  3915 | D:8      | Noticed a death yak
  3920 | D:8      | Noticed a death yak
  3925 | D:8      | Killed a cyan ugly thing
  3953 | D:8      | Killed a death yak
  3953 | D:8      | Reached *** piety under Makhleb
  3954 | D:8      | Reached XP level 10. HP: 91/91 MP: 7/7
  3963 | D:8      | Killed a death yak
  3972 | D:8      | Killed a death yak
  3973 | D:8      | Reached skill level 10 in Axes
  4029 | D:8      | Found a staircase to the Lair.
  4249 | D:8      | Noticed a cyan ugly thing
  4262 | D:8      | Killed a cyan ugly thing
  5047 | D:10     | Entered Level 10 of the Dungeon
  5139 | D:10     | You fall into a shaft and drop 2 floors!
  5143 | D:12     | Noticed a manticore
  5157 | D:12     | Killed a manticore
  5158 | D:12     | Reached XP level 11. HP: 71/99 MP: 9/9
  5159 | D:12     | Reached skill level 11 in Axes
  5176 | D:12     | Found Cotreq's Assorted Antiques.
  5183 | D:12     | Noticed a boulder beetle
  5199 | D:12     | Reached **** piety under Makhleb
  5216 | D:12     | Killed a boulder beetle
  5220 | D:12     | Noticed a deep elf mage
  5228 | D:12     | Killed a deep elf mage
  5238 | D:12     | Noticed a white ugly thing
  5248 | D:12     | Killed a white ugly thing
  5310 | D:12     | Noticed a deep elf mage
  5336 | D:12     | Killed a deep elf mage
  5381 | D:12     | Bought a runed helmet for 217 gold pieces
  5436 | D:12     | Noticed a two-headed ogre
  5438 | D:12     | Noticed an ettin
  5438 | D:12     | Noticed an ettin
  5445 | D:12     | Annihilated by an ettin

Illustrated notes

Levels and vault maps discovered:
D:1:      kennysheep_arrival_forest, layout_loops_ring,
          minmay_misc_feat_more_columns
D:2:      kb_forest_paths, layout_loops_ring, gammafunk_temple_overflow_statue,
          chequers_ecumenical_altar_simple_redux,
          chequers_serial_rivers_small_3, chequers_arboretum,
          chequers_serial_rivers_small_b
D:3:      layout_rooms, lemuel_round_altar, nicolae_overflow_crystal_walls,
          minmay_cupped, uniq_grinder
D:4:      layout_rooms, okawaru_altar_gauntlet_db,
          minmay_temple_entry_offerings, serial_shops, shop_coins
D:5:      layout_loops_corners
D:6:      layout_loops_ring, kennysheep_mini_moat, gammafunk_ghost_icy
D:7:      layout_basic, sword_in_stone
D:8:      layout_loops_ring, dpeg_lair_monsters, hangedman_minor_gate_pass
D:9:      layout_roguey
D:10:     layout_stronghold, gammafunk_ghost_grave
D:12:     layout_cave_pools, erik_orc_2, nicolae_trove_entry_crystal,
          serial_shops, shop, minivault_19, jmf_multi_god_temple
Temple:   nicolae_temple_elliptical

Skill      XL: |  1  2  3  4  5  6  7  8  9 10 11 |
---------------+----------------------------------+-----
Axes           | 3 4 5 6 7 9 10 11 | 11.9
Fighting       | 3 4 5 6 7 |  7.5
Armour         | 4 5 6 7 8 9 |  9.0
Shields        | 4 5 6 7 8 9 |  9.1
Invocations    | 2 4 5 7 8 9 |  9.6

Action                   |  1- 3 |  4- 6 |  7- 9 | 10-12 || total
-------------------------+-------+-------+-------+-------++-------
Melee: War axe           |    81 |   142 |   341 |   301 ||   865
 Abil: Heal Wounds       |     2 |    11 |    16 |     5 ||    34
  Use: Scroll            |       |       |    15 |     7 ||    22
       Potion            |       |       |       |     1 ||     1
Armor: Scale mail        |    44 |    37 |       |       ||    81
       Plate armour      |       |    35 |   165 |   143 ||   343
Dodge: Dodged            |    23 |    38 |    69 |    50 ||   180
Block: Kite shield       |    49 |    82 |   180 |   134 ||   445
